 Dungeon Crawl Stone Soup version 0.29-a0-231-g945431f764 (webtiles) character file.

Game seed: 16747532153136223055

2975 sanka the Cleaver (level 9, -2/74 HPs)
             Began as a Gnoll Berserker on Feb 28, 2022.
             Was an Elder of Trog.
             Slain by a human
             ... wielding a +3 vorpal hand axe
              (7 damage)
             ... in a bailey.
             The game lasted 00:10:33 (7554 turns).

sanka the Cleaver (Gnoll Berserker)                 Turns: 7554, Time: 00:10:33

Health: -2/74      AC: 13    Str: 18    XL:     9   Next: 82%
Magic:  15/15      EV: 14    Int:  6    God:    Trog [****..]
Gold:   360        SH:  0    Dex: 15    Spells: 17/17 levels left

rFire   . . .      SeeInvis .   a - +3 war axe
rCold   . . .      Faith    .   (no shield)
rNeg    . . .      Spirit   .   t - +1 ring mail {Will+}
rPois   .          Reflect  .   i - +0 helmet
rElec   .          Harm     .   v - +1 cloak
rCorr   .          Rampage  .   E - +0 pair of gloves
Will    +....                   k - +0 pair of boots
Stlth   ++........              (no amulet)
HPRegen 0.22/turn               (no ring)
MPRegen 0.14/turn               (no ring)

@: on berserk cooldown, slowed, very slow
A: fangs 1, strong nose, distributed training
a: Renounce Religion, Berserk, Trog's Hand, Brothers in Arms


You were in a bailey.
You worshipped Trog.
Trog was greatly pleased with you.
You visited 1 branch of the dungeon, and saw 7 of its levels.
You also visited: Sewer and Bailey.

You collected 360 gold pieces.


Innate Abilities, Weirdness & Mutations

You have very sharp teeth.
Your uncanny sense of smell can sniff out nearby items.
Your experience applies equally to all skills.


   Skills:
 + Level 8.1 Fighting
 + Level 4.6 Short Blades
 + Level 4.6 Long Blades
 + Level 8.1 Axes
 + Level 4.6 Maces & Flails
 + Level 4.6 Polearms
 + Level 4.6 Staves
 + Level 4.6 Slings
 + Level 4.6 Bows
 + Level 4.6 Crossbows
 + Level 4.6 Throwing
 + Level 6.6 Armour
 + Level 6.6 Dodging
 + Level 4.6 Stealth
 + Level 4.6 Shields
 + Level 4.6 Unarmed Combat
 + Level 4.6 Spellcasting
 + Level 3.8 Conjurations
 + Level 3.8 Hexes
 + Level 3.8 Summonings
 + Level 3.8 Necromancy
 + Level 3.8 Translocations
 + Level 3.8 Transmutations
 + Level 3.8 Fire Magic
 + Level 3.8 Ice Magic
 + Level 3.8 Air Magic
 + Level 3.8 Earth Magic
 + Level 3.8 Poison Magic
 + Level 5.1 Invocations
 + Level 4.6 Evocations


You had 17 spell levels left.
You didn't know any spells.
Your spell library was empty.

Inventory:

Hand Weapons
 a - a +3 war axe (weapon)
 b - the +3 hand axe of Cifydimi {flame, SInv}

   It burns those it strikes, dealing additional fire damage.
   Big, fiery blades are also staple armaments of hydra-hunters.
   SInv:      It lets you see invisible.
Missiles
 e - 3 datura-tipped darts (quivered)
 h - 25 poisoned darts
 r - 5 silver boomerangs
Armour
 i - a +0 helmet (worn)
 k - a +0 pair of boots (worn)
 s - a +0 chain mail
 t - a +1 ring mail of willpower (worn)
 v - a +1 cloak (worn)
 E - a +0 pair of gloves (worn)
Jewellery
 u - a ring of ice
 C - a ring of positive energy
Wands
 j - a wand of polymorph (11)
 p - a wand of iceblast (7)
 I - a wand of paralysis (18)
Scrolls
 g - 6 scrolls of teleportation {@r4}
 m - 3 scrolls of immolation {!r}
 n - a scroll of silence {!r}
 o - a scroll of brand weapon
 x - a scroll of enchant armour {unknown}
 y - a scroll of noise {!r}
 z - 2 scrolls of blinking
 J - 5 scrolls of enchant weapon
Potions
 c - 3 potions of curing {unknown}
 d - 3 potions of flight {unknown}
 f - a potion of magic {unknown}
 q - a potion of attraction {unknown}
 w - a potion of haste {unknown}
 A - a potion of invisibility {unknown}
 B - 2 potions of cancellation {unknown}
 F - a potion of brilliance {unknown}
 G - a potion of ambrosia {unknown}

Dungeon Overview and Level Annotations

Branches:
Dungeon (7/15)             Temple (0/1) D:7           Sewer (visited)
 Bailey (1/1)

Altars:
Cheibriados

Annotations:
D:4 3 runed translucent doors, Vruhak's ghost, amateur GrHu

▒▒▒▒ +..▒
▒▒+▒ ▒▒..▒
▒▒≈≈≈▒▒...▒
▒≈≈≈≈≈▒...▒
▒≈≈≈≈≈▒..)▒▒
▒≈≈≈††▒p.).▒
▒'▒g▒).....▒
▒▒...▒▒....▒▒
▒.....▒▒▒▒▒▒
▒.∩.∩.▒
▒.....▒
▒▒...▒▒ ▒▒▒▒▒


You could see a human.


Message History

The human hits you with a +3 vorpal hand axe!
* * * LOW HITPOINT WARNING * * *
* * * LOW HITPOINT WARNING * * *
There is an open door here.
You slash the human!
The human is moderately wounded.
The human hits you with a +3 vorpal hand axe.
* * * LOW HITPOINT WARNING * * *
* * * LOW HITPOINT WARNING * * *
The human hits you but does no damage.
You hit the human. You bite the human, but do no damage.
The human is moderately wounded.
The human misses you. The human barely misses you.
You barely miss the human.
The human is moderately wounded.
The human hits you but does no damage.
You hit the human but do no damage. Your bite misses the human.
The human is moderately wounded.
The human hits you but does no damage.
The human hits you with a +3 vorpal hand axe.
* * * LOW HITPOINT WARNING * * *
* * * LOW HITPOINT WARNING * * *
You miss the human. Your punch misses the human.
The human is moderately wounded.
The human hits you with a +3 vorpal hand axe!
You die...

Action                   |  1- 3 |  4- 6 |  7- 9 || total
-------------------------+-------+-------+-------++-------
Melee: Hand axe          |     8 |       |       ||     8
       Bite              |     6 |     9 |    24 ||    39
       War axe           |    47 |   126 |   269 ||   442
       Punch             |       |     2 |     7 ||     9
Invok: Berserk           |     1 |     3 |     6 ||    10
  Use: Scroll            |       |       |     9 ||     9
 Stab: Sleeping          |     1 |     1 |     3 ||     5
Armor: Animal skin       |    12 |     1 |       ||    13
       Chain mail        |       |    28 |       ||    28
       Ring mail         |       |    35 |   128 ||   163
Dodge: Dodged            |    34 |    76 |   183 ||   293

Levels and vault maps discovered:
D:1:      minmay_arrival_semitransparent, layout_basic
D:2:      layout_loops_ring, uniq_robin
D:3:      layout_loops_ring, serial_aquarium, aquarium_bridge_straight
          [aquarium_subvault_bridge, aquarium_subvault_balcony,
          aquarium_subvault_bridge, aquarium_subvault_wall], aquarium_window_1,
          aquarium_window_corridor_1, aquarium_view_2c, aquarium_view_2e,
          uniq_terence
D:4:      kennysheep_goblin_castle, layout_layer_cave,
          lightli_sewer_entry_pipes, gammafunk_ghost_icy
D:5:      layout_cave_pools, hex_large, minmay_fire_ice_demons
D:6:      layout_cave_pods, grunt_ministairs_9, minmay_starry_boxes
D:7:      layout_cave_pools, mainiacjoe_overflow_concentric_impassable,
          temple_doors_e, enter_bailey_3, minmay_manual_moon,
          uniq_crazy_yiuf_cottage
Bailey:   bailey_axe_froggy_fort_hellmonk, bailey

Notes
Turn   | Place    | Note
-------+----------+-------------------------------------------
     0 | D:1      | sanka the Gnoll Berserker began the quest for the Orb.
     0 | D:1      | Reached XP level 1. HP: 23/23 MP: 1/1
    98 | D:1      | Reached XP level 2. HP: 29/29 MP: 2/2
   829 | D:2      | Noticed Robin
   832 | D:2      | Reached XP level 3. HP: 32/35 MP: 3/3
   840 | D:2      | Killed Robin
   841 | D:2      | Reached skill level 1 in Invocations
  1174 | D:2      | Reached ** piety under Trog
  1175 | D:2      | Reached skill level 1 in Short Blades
  1175 | D:2      | Reached skill level 1 in Long Blades
  1175 | D:2      | Reached skill level 1 in Maces & Flails
  1175 | D:2      | Reached skill level 1 in Polearms
  1175 | D:2      | Reached skill level 1 in Staves
  1175 | D:2      | Reached skill level 1 in Slings
  1175 | D:2      | Reached skill level 1 in Bows
  1175 | D:2      | Reached skill level 1 in Crossbows
  1175 | D:2      | Reached skill level 1 in Throwing
  1175 | D:2      | Reached skill level 1 in Stealth
  1175 | D:2      | Reached skill level 1 in Shields
  1175 | D:2      | Reached skill level 1 in Unarmed Combat
  1175 | D:2      | Reached skill level 1 in Spellcasting
  1175 | D:2      | Reached skill level 1 in Evocations
  1175 | D:2      | Reached XP level 4. HP: 36/41 MP: 5/5
  2090 | D:3      | Reached skill level 1 in Conjurations
  2090 | D:3      | Reached skill level 1 in Hexes
  2090 | D:3      | Reached skill level 1 in Summonings
  2090 | D:3      | Reached skill level 1 in Necromancy
  2090 | D:3      | Reached skill level 1 in Translocations
  2090 | D:3      | Reached skill level 1 in Transmutations
  2090 | D:3      | Reached skill level 1 in Fire Magic
  2090 | D:3      | Reached skill level 1 in Ice Magic
  2090 | D:3      | Reached skill level 1 in Air Magic
  2090 | D:3      | Reached skill level 1 in Earth Magic
  2090 | D:3      | Reached skill level 1 in Poison Magic
  2273 | D:3      | Noticed Terence
  2278 | D:3      | Killed Terence
  2279 | D:3      | Reached XP level 5. HP: 47/47 MP: 5/7
  2698 | D:4      | Noticed an orc warrior
  2708 | D:4      | Killed an orc warrior
  2709 | D:4      | Reached skill level 2 in Invocations
  2709 | D:4      | Reached XP level 6. HP: 53/53 MP: 8/8
  2710 | D:4      | Reached skill level 2 in Short Blades
  2710 | D:4      | Reached skill level 2 in Long Blades
  2710 | D:4      | Reached skill level 2 in Maces & Flails
  2710 | D:4      | Reached skill level 2 in Polearms
  2710 | D:4      | Reached skill level 2 in Staves
  2710 | D:4      | Reached skill level 2 in Slings
  2710 | D:4      | Reached skill level 2 in Bows
  2710 | D:4      | Reached skill level 2 in Crossbows
  2710 | D:4      | Reached skill level 2 in Throwing
  2710 | D:4      | Reached skill level 5 in Armour
  2710 | D:4      | Reached skill level 5 in Dodging
  2710 | D:4      | Reached skill level 2 in Stealth
  2710 | D:4      | Reached skill level 2 in Shields
  2710 | D:4      | Reached skill level 2 in Unarmed Combat
  2710 | D:4      | Reached skill level 2 in Spellcasting
  2710 | D:4      | Reached skill level 2 in Evocations
  2806 | D:4      | Found a runed translucent gate.
  2806 | D:4      | Found a runed translucent gate.
  2808 | D:4      | Found a runed translucent gate.
  2842 | D:4      | Reached *** piety under Trog
  2993 | D:4      | Reached XP level 7. HP: 57/59 MP: 10/10
  2993 | D:4      | Found a glowing drain.
  2998 | Sewer    | Entered a sewer
  3132 | Sewer    | Reached skill level 7 in Fighting
  3132 | Sewer    | Reached skill level 7 in Axes
  3292 | Sewer    | Reached skill level 2 in Conjurations
  3292 | Sewer    | Reached skill level 2 in Hexes
  3292 | Sewer    | Reached skill level 2 in Summonings
  3292 | Sewer    | Reached skill level 2 in Necromancy
  3292 | Sewer    | Reached skill level 2 in Translocations
  3292 | Sewer    | Reached skill level 2 in Transmutations
  3292 | Sewer    | Reached skill level 2 in Fire Magic
  3292 | Sewer    | Reached skill level 2 in Ice Magic
  3292 | Sewer    | Reached skill level 2 in Air Magic
  3292 | Sewer    | Reached skill level 2 in Earth Magic
  3292 | Sewer    | Reached skill level 2 in Poison Magic
  3974 | D:4      | Noticed Vruhak's ghost (amateur GrHu)
  4073 | D:4      | Reached **** piety under Trog
  4140 | D:4      | Noticed Ijyb
  4148 | D:4      | Killed Ijyb
  4723 | D:5      | Entered Level 5 of the Dungeon
  4767 | D:5      | Reached skill level 3 in Invocations
  4832 | D:5      | Reached XP level 8. HP: 25/67 MP: 12/12
  5081 | D:5      | Reached skill level 3 in Short Blades
  5081 | D:5      | Reached skill level 3 in Long Blades
  5081 | D:5      | Reached skill level 3 in Maces & Flails
  5081 | D:5      | Reached skill level 3 in Polearms
  5081 | D:5      | Reached skill level 3 in Staves
  5081 | D:5      | Reached skill level 3 in Slings
  5081 | D:5      | Reached skill level 3 in Bows
  5081 | D:5      | Reached skill level 3 in Crossbows
  5081 | D:5      | Reached skill level 3 in Throwing
  5081 | D:5      | Reached skill level 3 in Stealth
  5081 | D:5      | Reached skill level 3 in Shields
  5081 | D:5      | Reached skill level 3 in Unarmed Combat
  5081 | D:5      | Reached skill level 3 in Spellcasting
  5081 | D:5      | Reached skill level 3 in Evocations
  6267 | D:6      | Reached skill level 4 in Invocations
  6506 | D:6      | Identified the +3 hand axe of Cifydimi {flame, SInv}
  6532 | D:6      | Reached skill level 3 in Conjurations
  6532 | D:6      | Reached skill level 3 in Hexes
  6532 | D:6      | Reached skill level 3 in Summonings
  6532 | D:6      | Reached skill level 3 in Necromancy
  6532 | D:6      | Reached skill level 3 in Translocations
  6532 | D:6      | Reached skill level 3 in Transmutations
  6532 | D:6      | Reached skill level 3 in Fire Magic
  6532 | D:6      | Reached skill level 3 in Ice Magic
  6532 | D:6      | Reached skill level 3 in Air Magic
  6532 | D:6      | Reached skill level 3 in Earth Magic
  6532 | D:6      | Reached skill level 3 in Poison Magic
  6760 | D:6      | Reached skill level 6 in Armour
  6760 | D:6      | Reached skill level 6 in Dodging
  7077 | D:7      | Reached XP level 9. HP: 72/72 MP: 14/14
  7087 | D:7      | Reached skill level 4 in Short Blades
  7087 | D:7      | Reached skill level 4 in Long Blades
  7087 | D:7      | Reached skill level 4 in Maces & Flails
  7087 | D:7      | Reached skill level 4 in Polearms
  7087 | D:7      | Reached skill level 4 in Staves
  7087 | D:7      | Reached skill level 4 in Slings
  7087 | D:7      | Reached skill level 4 in Bows
  7087 | D:7      | Reached skill level 4 in Crossbows
  7087 | D:7      | Reached skill level 4 in Throwing
  7087 | D:7      | Reached skill level 4 in Stealth
  7087 | D:7      | Reached skill level 4 in Shields
  7087 | D:7      | Reached skill level 4 in Unarmed Combat
  7087 | D:7      | Reached skill level 4 in Spellcasting
  7087 | D:7      | Reached skill level 4 in Evocations
  7097 | D:7      | Noticed a manticore
  7158 | D:7      | Noticed a gargoyle
  7179 | D:7      | HP: 7/111 [gargoyle/+0 mace (16)]
  7180 | D:7      | Killed a gargoyle
  7338 | D:7      | Found a snail-covered altar of Cheibriados.
  7353 | D:7      | Found a flagged portal.
  7360 | D:7      | Reached skill level 8 in Fighting
  7360 | D:7      | Reached skill level 8 in Axes
  7368 | Bailey   | Entered a bailey
  7534 | Bailey   | Reached skill level 5 in Invocations
  7553 | Bailey   | HP: 6/74 [human/+3 vorpal hand axe (5)]
  7554 | Bailey   | Slain by a human

Vanquished Creatures
  A gargoyle (D:7)
  2 humans (Bailey)
  A water moccasin (D:7)
  An orc warrior (D:4)
  2 ice beasts
  A black bear (D:7)
  2 ogres (D:6)
  A centaur (D:7)
  A phantom (D:5)
  A kobold brigand (Sewer)
  5 bullfrogs
  3 scorpions
  2 necrophages
  A crimson imp (D:5)
  6 hounds
  4 jellies
  An orc priest (D:4)
  Ijyb (D:4)
  A gnoll shaman (D:6)
  Terence (D:3)
  3 iguanas
  2 orc wizards
  Robin (D:2)
  4 gnolls
  4 river rats
  9 adders
  2 white imps
  2 ufetubi
  3 worms (D:4)
  A dart slug (D:3)
  17 orcs
  4 bats
  10 endoplasms
  2 giant cockroaches (D:2)
  27 goblins
  10 hobgoblins
  6 jackals (D:4)
  5 quokkas
  12 ball pythons
  2 frilled lizards (D:3)
  13 kobolds
  10 rats
187 creatures vanquished.
